 Dungeon Crawl Stone Soup version 0.25-a0-110-ge29c8f2358 (console) character file.

Game seed: 9967421281582627411, levelgen mode: deterministic

1019 Kagalorn the Archer (level 8, 0/61 HPs)
             Began as a Centaur Hunter on Nov 19, 2019.
             Was a Follower of Okawaru.
             Slain by a wyvern (14 damage)
             ... on level 4 of the Dungeon.
             The game lasted 00:16:03 (4941 turns).

Kagalorn the Archer (Centaur Hunter)                Turns: 4941, Time: 00:16:04

Health: 0/61       AC:  7    Str: 18    XL:     8   Next: 2%
Magic:  8/8        EV:  5    Int: 10    God:    Okawaru [*.....]
Gold:   183        SH:  0    Dex:  9    Spells: 7/7 levels left

rFire    . . .     SeeInvis .   b - +0 spear
rCold    . . .     Gourm    .   (no shield)
rNeg     . . .     Faith    .   h - +0 chain mail
rPois    .         Spirit   .   (no helmet)
rElec    .         Reflect  .   (no cloak)
rCorr    .         Harm     .   (no gloves)
MR       .....                  (no barding)
Stlth    ..........             (no amulet)
HPRegen  0.20/turn              (no ring)
MPRegen  0.11/turn              (no ring)

@: very quick
A: large, hooves 3, deformed body, speed 2, tough skin 3
a: Heroism, Renounce Religion


You were on level 4 of the Dungeon.
You worshipped Okawaru.
Okawaru was aware of your devotion.
You were hungry.

You visited 2 branches of the dungeon, and saw 6 of its levels.
You also visited: Sewer.

You collected 183 gold pieces.

Inventory:

Hand Weapons
 a - a +2 shortbow
 b - a +0 spear (weapon)
 x - a +1 hand axe of electrocution
 y - a +0 halberd
Missiles
 m - 56 bolts
 p - 57 arrows
 q - 19 poisoned darts (quivered)
Armour
 h - a +0 chain mail (worn)
Jewellery
 t - an uncursed ring of protection from magic {unknown}
 D - an uncursed ring of positive energy {unknown}
Wands
 s - a wand of iceblast (7)
Scrolls
 c - 2 scrolls of magic mapping
 g - 6 scrolls of identify
 n - a scroll of amnesia {unknown}
 r - a scroll of enchant weapon
 u - a scroll of fog {unknown}
 v - a scroll of fear {unknown}
 w - a scroll of remove curse {unknown}
 B - a scroll of enchant armour {unknown}
 F - a scroll of immolation {unknown}
Potions
 d - 3 potions of flight {unknown}
 e - 2 potions of might {unknown}
 i - 6 potions of curing
 j - a potion of agility {unknown}
 k - 3 potions of brilliance {unknown}
 l - a potion of resistance {unknown}
 o - a potion of mutation {unknown}
 z - a potion of haste {unknown}
 A - a potion of magic {unknown}
 C - 2 potions of heal wounds {unknown}
 E - a potion of lignification {unknown}
Comestibles
 f - 4 rations


   Skills:
 - Level 2.0 Fighting
 + Level 0.5 Polearms
 + Level 12.6 Bows
 - Level 1.3 Dodging
 - Level 0.4 Stealth
 * Level 0.7 Invocations


You had 7 spell levels left.
You didn't know any spells.
Your spell library was empty.

Dungeon Overview and Level Annotations

Branches:
Dungeon (5/15)             Temple (1/1) D:5           Sewer (visited)

Altars:
Ashenzari
Cheibriados
Dithmenos
Elyvilon
Fedhas
Gozag
Hepliaklqana
Kikubaaqudgha
Makhleb
Nemelex Xobeh
Okawaru
Qazlal
Ru
Sif Muna
Uskayaw
Vehumet
Wu Jian
Xom
Yredelemnul

Annotations:
D:5 Grinder


Innate Abilities, Weirdness & Mutations

You have hooves in place of feet.
Armour fits poorly on your strangely shaped body.
You cover ground very quickly.
You have extremely tough skin. (AC +3)


Message History

Things that are here:
23 stones; a +0 falchion The wyvern closely misses you.
Things that are here:
23 stones; a +0 falchion
Things that are here:
23 stones; a +0 falchion The wyvern bites you!
* * * LOW HITPOINT WARNING * * *
Okay, then.
It was a potion of curing.
You feel better. The wyvern completely misses you.
As you read the scroll labeled RAFATIALLI, it crumbles to dust.
It is a scroll of identify.
c - 2 scrolls of magic mapping The wyvern barely misses you. x2
As you read the scroll labeled HOISMI ECYXKU, it crumbles to dust.
It is a scroll of enchant weapon.
Your +1 shortbow glows red for a moment.
The wyvern bites you!
You die...

.+.......## #......[.##.#
.#........# ###.#....##.#
.'........# ...#....##.#
.#......[.# #####....##)#
.#........## #....##†###......
.#.........# #....##.##.......
.#.......#.######...((((<#.......
.###[###.(......##.(.##.##...)...
.# #.........(..@((..+..##.......
## ########..##l##...#..##.......
#......[....#...#..##.......
#.#####..#..##+##..##.......
#.#.............#...........
#.#.........##..##..........
#.#...#.....##..#####.######
#.#######...##......#.......
#..........###......#.#.....


You could see a wyvern.

Vanquished Creatures
  A sky beast (D:5)
  A centaur (D:5)
  A big kobold (Sewer)
  2 scorpions (D:4)
  A crimson imp (D:5)
  4 hounds
  2 orc wizards (D:4)
  5 worker ants
  14 gnolls
  6 adders
  2 river rats (Sewer)
  2 worms
  3 dart slugs
  7 leopard geckos
  13 orcs
  A ball python (D:2)
  8 giant cockroaches
  6 goblins
  5 hobgoblins
  4 jackals
  9 kobolds
  A quokka (D:4)
  7 bats
  A frilled lizard (D:1)
  A jackal skeleton (D:5)
  16 rats
123 creatures vanquished.

Notes
Turn   | Place    | Note
-------+----------+-------------------------------------------
     0 | D:1      | Kagalorn the Centaur Hunter began the quest for the Orb.
     0 | D:1      | Reached XP level 1. HP: 17/17 MP: 1/1
   244 | D:1      | Reached XP level 2. HP: 24/24 MP: 2/2
   249 | D:1      | Reached skill level 6 in Bows
   860 | D:2      | Reached XP level 3. HP: 26/29 MP: 3/3
   914 | D:2      | Reached skill level 7 in Bows
  1062 | D:2      | Reached XP level 4. HP: 32/36 MP: 4/4
  1183 | D:2      | Reached skill level 8 in Bows
  1333 | D:2      | Reached XP level 5. HP: 25/41 MP: 5/5
  1507 | D:2      | Found a faded altar of an unknown god.
  1672 | D:3      | Found a shattered altar of Ashenzari.
  1685 | D:3      | Reached skill level 9 in Bows
  1756 | D:3      | HP: 2/41 [gnoll/+0 halberd (4)]
  2137 | D:3      | You fall into a shaft and drop 2 floors!
  2137 | D:5      | Entered Level 5 of the Dungeon
  2138 | D:5      | Noticed a centaur
  2145 | D:5      | Killed a centaur
  2145 | D:5      | Reached XP level 6. HP: 21/48 MP: 6/6
  2161 | D:5      | Noticed a sky beast
  2166 | D:5      | Found a shimmering blue altar of Sif Muna.
  2237 | D:5      | Found a glowing drain.
  2476 | Sewer    | Entered a sewer
  2483 | Sewer    | Reached skill level 10 in Bows
  2792 | Sewer    | Found a white marble altar of Elyvilon.
  2970 | D:5      | Killed a sky beast
  2970 | D:5      | Reached XP level 7. HP: 54/55 MP: 7/7
  2982 | D:5      | Reached skill level 11 in Bows
  3057 | D:5      | Found a staircase to the Ecumenical Temple.
  3067 | Temple   | Entered the Ecumenical Temple
  3245 | D:5      | Found a shattered altar of Ashenzari.
  3293 | D:5      | Noticed Grinder
  3369 | D:5      | Paralysed by Grinder for 4 turns
  3376 | D:4      | Found an iron altar of Okawaru.
  3387 | D:4      | Became a worshipper of Warmaster Okawaru
  3880 | D:4      | Reached skill level 12 in Bows
  3992 | D:4      | Noticed a wyvern
  4841 | D:4      | Reached * piety under Okawaru
  4841 | D:4      | Reached XP level 8. HP: 55/61 MP: 8/8
  4941 | D:4      | Slain by a wyvern

Levels and vault maps discovered:
D:1:      psy_arrival_fountain, layout_loops_ring,
          hangedman_decor_clover_reticule
D:2:      layout_basic, first_ration, chequers_ecumenical_altar_grove
D:3:      layout_basic, lemuel_round_altar
D:4:      layout_basic, grunt_decor_fettered, okawaru_metal_pillars_1_2
D:5:      layout_rooms, led_sif_book, minmay_temple_entry_arrows,
          gup_sewer_entry_pipe, evilmike_ruin_ashenzari, uniq_grinder
Temple:   compressed_dpeg_circular_temple

Skill      XL: |  1  2  3  4  5  6  7 |
---------------+----------------------+-----
Bows           | 6 7 8 9 10 12 | 12.6
Fighting       | |  2.0
Polearms       | |  0.5
Dodging        | |  1.3
Stealth        | |  0.4
Invocations    | |  0.7

Action                   |  1- 3 |  4- 6 |  7- 9 || total
-------------------------+-------+-------+-------++-------
Melee: Short sword       |    96 |    16 |       ||   112
       Kick              |    15 |    30 |    26 ||    71
       Spear             |       |   142 |    94 ||   236
       Halberd           |       |       |    38 ||    38
 Fire: Shortbow          |    15 |    47 |    94 ||   156
Throw: Dart              |       |       |     9 ||     9
  Use: Scroll            |       |       |     2 ||     2
       Potion            |       |       |     1 ||     1
  Eat: Chunk             |       |     1 |     5 ||     6
       Ration            |       |     1 |       ||     1
Armor: Chain mail        |    75 |   104 |    95 ||   274
Dodge: Dodged            |    23 |    43 |    51 ||   117

Table legend:
 A = Non-vault XP
 B = Vault XP
 C = Vault XP percentage of total XP
 D = Non-vault monster count
 E = Vault monster count
 F = Vault count percentage of total count
                 A         B        C        D         E       F
            +---------+---------+-------+---------+---------+-------
      Total |    1306 |     150 |  10.3 |     109 |      14 |  11.4
            +---------+---------+-------+---------+---------+-------
        D:1 |      28 |       0 |   0.0 |      17 |       0 |   0.0
        D:2 |     228 |       0 |   0.0 |      36 |       0 |   0.0
        D:3 |     166 |       0 |   0.0 |      22 |       0 |   0.0
        D:4 |     465 |       0 |   0.0 |      23 |       0 |   0.0
        D:5 |     419 |      18 |   4.1 |      11 |       7 |  38.9
      Sewer |       0 |     132 | 100.0 |       0 |       7 | 100.0
            +---------+---------+-------+---------+---------+-------
